 Dungeon Crawl Stone Soup version 0.31-a0-232-gb1c03b2570 (webtiles) character file.

Game seed: 5438711020007749617

72 qw the Shooter (level 4, -3/36 HPs)
             Began as a Minotaur Hexslinger on July 7, 2023.
             Slain by a gnoll
             ... wielding a +0 halberd
              (7 damage)
             ... on level 3 of the Dungeon.
             The game lasted 00:00:38 (1376 turns).

qw the Shooter (Minotaur Hexslinger)                Turns: 1376, Time: 00:00:39

Health: -3/36      AC:  3    Str: 13    XL:     4   Next: 7%
Magic:  4/4        EV: 12    Int: 12    God:
Gold:   149        SH:  0    Dex: 14    Spells: 4/5 levels left

rFire   + . .        Y - +2 sling
rCold   . . .        (no shield)
rNeg    . . .        b - +0 leather armour
rPois   .            h - +0 hat of Minor Irritation {rF+ Int+2 Stlth+}
rElec   .            (no cloak)
rCorr   .            (no gloves)
SInv    .            (no boots)
Will    .....        (no amulet)
Stlth   ++           (no ring)
HPRegen 0.26/turn    (no ring)
MPRegen 0.09/turn

%: no passive effects
@: about to teleport
A: horns 2, retaliatory headbutt
a: no special abilities


You were on level 3 of the Dungeon.
You visited 1 branch of the dungeon, and saw 3 of its levels.

You collected 149 gold pieces.


Innate Abilities, Weirdness & Mutations

You have a pair of horns on your head.
You reflexively headbutt those who attack you in melee.


   Skills:
 - Level 2.0 Fighting
 + Level 4.5 Ranged Weapons
 - Level 2.1 Dodging
 - Level 1.0 Spellcasting
 - Level 2.0 Hexes


You had 4 spell levels left.
You knew the following spells:

 Your Spells              Type           Power      Damage    Failure   Level
a - Slow                  Hex            20%        N/A       17%         1

Your spell library contained the following spells:

 Spells                   Type           Power      Damage    Failure   Level
 Inner Flame              Hex/Fire       3%         N/A       58%         3
 Portal Projectile        Hex/Tloc       6%         N/A       58%         3
 Cause Fear               Hex            2%         N/A       86%         4

Inventory:

Hand Weapons
 Y - a +2 sling (weapon)
Armour
 b - a +0 leather armour (worn)
 h - the +0 hat of Minor Irritation (worn) {rF+ Int+2 Stlth+}
   (You found it on level 2 of the Dungeon)

   Int:       It affects your intelligence (+2).
   rF:        It protects you from fire.
   Stlth:     It makes you more stealthy.
Scrolls
 d - a scroll of teleportation
 f - 2 scrolls of identify
Potions
 g - a potion of heal wounds

Dungeon Overview and Level Annotations

Branches:
Dungeon (3/15)

Altars:

Shops:
D:1 [(!


Message History

The sling bullet hits the gnoll.
You kill the gnoll!
You have reached level 4!
You feel stronger.
You shoot a sling bullet.
The sling bullet barely misses the gnoll.
The sling bullet hits the gnoll.
The gnoll is lightly wounded.
You shoot a sling bullet. The sling bullet hits the gnoll.
The gnoll is lightly wounded.
You shoot a sling bullet.
The sling bullet closely misses the gnoll.
The gnoll misses you.
The gnoll hits you from afar with a +0 halberd.
You shoot a sling bullet.
The sling bullet closely misses the gnoll.
The gnoll barely misses you. You furiously retaliate!
You headbutt the gnoll. The gnoll closely misses you.
You shoot a sling bullet.
The sling bullet hits the gnoll but does no damage.
The gnoll is moderately wounded.
The gnoll misses you. You furiously retaliate!
You headbutt the gnoll. The gnoll barely misses you.
The gnoll closely misses you.
You shoot a sling bullet.
The sling bullet hits the gnoll but does no damage.
The gnoll is heavily wounded.
The gnoll misses you. The gnoll hits you with a +0 club.
You shoot a sling bullet. The sling bullet hits the gnoll.
The gnoll is almost dead.
The gnoll hits you from afar with a +0 halberd!
The gnoll closely misses you.
You shoot a sling bullet.
The sling bullet closely misses the gnoll.
The gnoll hits you from afar with a +0 halberd!
The gnoll misses you. The gnoll closely misses you.
1376 ||| READING 2 scrolls of teleportation.
As you read the scroll of teleportation, it crumbles to dust.
You feel strangely unstable. The gnoll barely misses you.
The gnoll hits you from afar with a +0 halberd!
You die...

.# ##.## #.........#
#####...### #.#######.##
#.........#
#.~~~~###..##
#.###...#.#
#~~~~~~~##..#
####.##.###~~~~~~~~~##.#
..........~~~~~~~~~~ #.#
####.##.##~~~#####~# #.#
#.##.#~~~~#...#~###.#
#.##@#~~~~#._.'..#..#
......)g#~~~~#...##.#.##
#....g.###~ #####~...#
#.##.#. ~~~~~~~~## .....
~~~~~~~~~# ..#.#.
#~~~~~~~~~## #.. ...
....~~~~### #. . ..
###.##### #.


You could see 2 gnolls.

Vanquished Creatures
  An adder (D:2)
  A gnoll (D:3)
  A worm (D:2)
  A dart slug (D:1)
  4 endoplasms
  3 giant cockroaches
  3 goblins
  5 hobgoblins
  5 ball pythons
  11 bats
  3 frilled lizards
  5 kobolds
  5 rats (D:1)
48 creatures vanquished.

Notes
Turn   | Place    | Note
-------+----------+-------------------------------------------
     0 | D:1      | qw the Minotaur Hexslinger began the quest for the Orb.
     0 | D:1      | Reached XP level 1. HP: 16/16 MP: 1/1
     0 | D:1      | 0 ||| qw: Version: 0.3-a-46-gb1f654a
     0 | D:1      | 0 ||| qw: Game counter: 2717
     0 | D:1      | 0 ||| qw: Melee chars always use a shield: true
     0 | D:1      | 0 ||| qw: God list: Okawaru
     0 | D:1      | 0 ||| qw: Allow faded altars: false
     0 | D:1      | 0 ||| qw: Do Orc after clearing Dungeon:15 true
     0 | D:1      | 0 ||| qw: Do second Lair branch before Depths: true
     0 | D:1      | 0 ||| qw: Lair rune preference: random
     0 | D:1      | 0 ||| qw: Goals: Normal
     0 | D:1      | 0 ||| PLANNING D:1-11
     1 | D:1      | Found Xecubupt's Antique Weapon Shoppe.
    52 | D:1      | Found Syecuc's Antique Armour Emporium.
    66 | D:1      | 66 ||| SHOPLISTING embroidered robe (62 gold, have 13).
    66 | D:1      | 66 ||| SHOPLISTING leather armour (34 gold, have 13).
    66 | D:1      | 66 ||| SHOPLISTING ring mail (68 gold, have 13).
    78 | D:1      | Reached skill level 3 in Ranged Weapons
   101 | D:1      | Reached XP level 2. HP: 22/23 MP: 2/2
   233 | D:1      | Found Riargh's Distillery.
   236 | D:1      | 236 ||| SHOPLISTING potion of curing (39 gold, have 29).
   236 | D:1      | 236 ||| SHOPLISTING potion of heal wounds (65 gold, have
                  | 29).
   236 | D:1      | 236 ||| SHOPLISTING potion of resistance (130 gold, have
                  | 29).
   683 | D:1      | 683 ||| READING 3 scrolls labelled GUCATOY JEDOPT.
   684 | D:1      | 684 ||| READING scroll labelled YREBIR QUGH.
   685 | D:1      | 685 ||| READING 2 scrolls labelled DURHEU ZORIENN.
   686 | D:1      | 686 ||| READING scroll labelled TAQ ANTEONGO.
   687 | D:1      | 687 ||| READING scroll labelled BUG ROAMEXOMIO.
   688 | D:1      | 688 ||| DROPPING 2 scrolls of fear.
   689 | D:1      | 689 ||| DROPPING scroll of poison.
   721 | D:2      | Reached XP level 3. HP: 29/29 MP: 3/3
   800 | D:2      | Reached skill level 4 in Ranged Weapons
   933 | D:2      | Identified the +0 hat of Minor Irritation {rF+ Int+2
                  | Stlth+}
  1126 | D:2      | 1126 ||| UPGRADING to +0 leather armour.
  1136 | D:2      | 1136 ||| DROPPING +0 robe.
  1137 | D:2      | 1137 ||| UPGRADING to +0 hat of Minor Irritation {rF+ Int+2
                  | Stlth+}.
  1142 | D:2      | 1142 ||| READING scroll labelled LUQUET HATALA.
  1143 | D:2      | 1143 ||| READING 3 scrolls labelled IFIDUCVAME.
  1148 | D:2      | 1148 ||| READING scroll labelled WIXZUTHR ALEA.
  1149 | D:2      | 1149 ||| READING 4 scrolls of identify.
  1149 | D:2      | 1149 ||| IDENTIFYING silvery potion
  1150 | D:2      | 1150 ||| READING 3 scrolls of identify.
  1150 | D:2      | 1150 ||| IDENTIFYING puce potion
  1151 | D:2      | 1151 ||| DROPPING potion of attraction.
  1298 | D:3      | Found a faded altar of an unknown god.
  1368 | D:3      | Reached XP level 4. HP: 34/36 MP: 4/4
  1375 | D:3      | HP: 4/36 [gnoll/+0 halberd (12)]
  1376 | D:3      | 1376 ||| READING 2 scrolls of teleportation.
  1376 | D:3      | Slain by a gnoll

Levels and vault maps discovered:
D:1:      dpeg_arrival_tiny_a, layout_basic, serial_shops,
          nicolae_shop_real_fake_doors, shop, shop, minmay_pentomino_z2
D:2:      layout_rooms
D:3:      layout_loops_corners, nicolae_ecumenical_lake_church

Skill      XL: |  1  2  3 |
---------------+----------+-----
Ranged Weapons | 3 4 |  4.5
Fighting       | 2 |  2.0
Dodging        | |  2.1
Spellcasting   | |  1.0
Hexes          | |  2.0

Action                     |  1- 3 |  4- 6 || total
---------------------------+-------+-------++-------
   Fire: Sling             |   117 |     8 ||   125
    Use: Scroll            |    10 |     1 ||    11
 Armour: Robe              |     4 |       ||     4
  Dodge: Dodged            |    35 |    11 ||    46

Table legend:
 A = Non-vault XP
 B = Vault XP
 C = Vault XP percentage of total XP
 D = Non-vault monster count
 E = Vault monster count
 F = Vault count percentage of total count
                 A         B        C        D         E       F
            +---------+---------+-------+---------+---------+-------
      Total |     101 |       3 |   2.9 |      46 |       2 |   4.2
            +---------+---------+-------+---------+---------+-------
        D:1 |      36 |       3 |   7.7 |      24 |       2 |   7.7
        D:2 |      49 |       0 |   0.0 |      20 |       0 |   0.0
        D:3 |      16 |       0 |   0.0 |       2 |       0 |   0.0
            +---------+---------+-------+---------+---------+-------
